 Dungeon Crawl Stone Soup version 0.27.1-35-g4d5d836560 (webtiles) character file.

Game seed: 347830751353684282

2470 Delamore the Covert (level 9, -8/56 HPs)
             Began as an Octopode Brigand on Mar 1, 2022.
             Was an Initiate of Gozag.
             Mangled by an acid dragon (14 damage)
             ... on level 7 of the Dungeon.
             The game lasted 00:09:04 (7906 turns).

Delamore the Covert (Octopode Brigand)              Turns: 7906, Time: 00:09:05

Health: -8/56      AC:  1    Str: 10    XL:     9   Next: 51%
Magic:  9/9        EV: 18    Int: 20    God:    Gozag
Gold:   434        SH:  0    Dex: 16    Spells: 8/8 levels left

rFire    . . .     SeeInvis .   l - +1 whip (elec)
rCold    . . .     Faith    .   (no shield)
rNeg     . . .     Spirit   .   (helmet restricted)
rPois    .         Reflect  .   (no amulet)
rElec    .         Harm     .   e - ring of resist corrosion
rCorr    +         Rampage  .   j - +4 ring of evasion
Will     .....                  o - +6 ring of intelligence
Stlth    +++++.....             (no ring)
HPRegen  0.18/turn              (no ring)
MPRegen  0.11/turn              (no ring)
                                (no ring)
                                (no ring)

@: no status effects
A: almost no armour, amphibious, 8 rings, camouflage 1, gelatinous body 1,
(nimble swimmer 1), tentacles
a: Renounce Religion, Potion Petition, Call Merchant, Bribe Branch


You were on level 7 of the Dungeon.
You worshipped Gozag.
Gozag was aware of your devotion.
You visited 2 branches of the dungeon, and saw 8 of its levels.

You collected 540 gold pieces.
You paid 106 gold pieces to Gozag.

Inventory:

Hand Weapons
 a - a +2 dagger
 l - a +1 whip of electrocution (weapon)
Missiles
 b - 11 poisoned darts (quivered)
 c - 2 curare-tipped darts
 z - 7 silver javelins
Armour
 k - a +0 kite shield
Jewellery
 e - a ring of resist corrosion (left tentacle)
 j - a +4 ring of evasion (right tentacle)
 o - a +6 ring of intelligence (on tentacle)
Wands
 f - a wand of flame (13)
 q - a wand of paralysis (11)
 x - a wand of polymorph (7)
Scrolls
 d - 2 scrolls of amnesia
 g - a scroll of fog
 m - a scroll of enchant armour
 n - a scroll of noise
 v - a scroll of teleportation
 w - a scroll of immolation {unknown}
 y - a scroll of vulnerability {unknown}
Potions
 h - 2 potions of flight
 p - a potion of cancellation {unknown}
 r - a potion of berserk rage {unknown}
 s - a potion of invisibility {unknown}
 t - 2 potions of mutation {unknown}
 u - a potion of magic {unknown}


   Skills:
 - Level 3.0 Fighting
 + Level 9.2 Short Blades
 - Level 3.0 Throwing
 - Level 3.0 Dodging
 - Level 10.0 Stealth
 - Level 5.0 Evocations


You had 8 spell levels left.
You didn't know any spells.
Your spell library was empty.

Dungeon Overview and Level Annotations

Branches:
Dungeon (7/15)             Temple (1/1) D:5

Altars:
Ashenzari
Cheibriados
Dithmenos
Fedhas
Gozag
Nemelex Xobeh
Qazlal
Ru
Sif Muna
Trog
Vehumet
Zin
The Shining One


Innate Abilities, Weirdness & Mutations

You cannot wear most types of armour.
You are amphibious.
You can wear up to eight rings at the same time.
Your skin changes colour to match your surroundings (Stealth+).
Your rubbery body absorbs attacks. (AC +1, EV +1)
((You are camouflaged near water. (Stealth+)))
You have tentacles for arms and can constrict up to eight enemies at once.


Message History

The ice beast is heavily wounded.
The ice beast hits you. The ice beast freezes you!
You are too injured to fight recklessly!
You are too injured to fight recklessly!
You hit the ice beast.
Lightning courses through the ice beast!
You kill the ice beast!
You see here 5 gold pieces.
There is a stone staircase leading up here.
You start resting.
An acid dragon comes into view.
The acid dragon roars!
The acid dragon bites you! The acid dragon claws you.
You hit the acid dragon but do no damage.
You squeeze the acid dragon!
The acid dragon is moderately wounded.
You barely miss the acid dragon.
The acid dragon is moderately wounded.
The acid dragon misses you. The acid dragon barely misses you.
You closely miss the acid dragon.
The acid dragon is moderately wounded.
The acid dragon spits acid at you. The splash of acid hits you! You resist.
You are splashed with acid!
You resist.
You hit the acid dragon but do no damage.
Lightning courses through the acid dragon!
The acid dragon is severely wounded.
The acid dragon misses you. The acid dragon claws you.
You hit the acid dragon but do no damage.
The acid dragon is severely wounded.
The acid dragon bites you!
* * * LOW HITPOINT WARNING * * *
The acid dragon claws you.
* * * LOW HITPOINT WARNING * * *
The acid dragon misses you. x2
You hit the acid dragon. You squeeze the acid dragon.
The acid dragon is almost dead.
The acid dragon bites you!
You die...
Your body crumbles into a pile of gold.

##....(.#
##.#####
####...#
#.....$## $
#.......##
#.......$#
#$.....#<##
#......#..#
#......##@#
#......##D#
..###<
#......##..
#......
####.####...
#..(... #.
##.## #.....
.# #....##
## #.?.##
#.....
##.$.#


You could see an acid dragon.

Vanquished Creatures
  A two-headed ogre (D:7)
  Sigmund (D:3)
  A vampire (D:7)
  2 black bears
  An ice beast (D:7)
  A necrophage (D:6)
  A phantom (D:5)
  3 bullfrogs
  2 scorpions
  A water moccasin zombie (D:5)
  A wyvern skeleton (D:7)
  3 wights (D:7)
  A howler monkey (D:6)
  A bullfrog skeleton (D:4)
  2 hounds (D:4)
  A gnoll shaman (D:7)
  Crazy Yiuf (D:3)
  2 iguanas (D:5)
  Terence (D:3)
  An orc wizard (D:3)
  A hound zombie (D:5)
  A hound skeleton (D:4)
  A howler monkey zombie (D:4)
  Robin (D:3)
  6 gnolls
  5 adders
  A worm (D:3)
  A dart slug (D:2)
  13 orcs
  5 endoplasms
  4 giant cockroaches
  9 goblins
  8 hobgoblins
  3 quokkas
  7 ball pythons
  7 bats
  2 frilled lizards (D:1)
  7 kobolds
  8 rats
118 creatures vanquished.

Notes
Turn   | Place    | Note
-------+----------+-------------------------------------------
     0 | D:1      | Delamore the Octopode Brigand began the quest for the Orb.
     0 | D:1      | Reached XP level 1. HP: 14/14 MP: 1/1
   164 | D:1      | Reached XP level 2. HP: 19/19 MP: 2/2
   868 | D:2      | Reached XP level 3. HP: 22/24 MP: 3/3
   966 | D:2      | Reached skill level 6 in Stealth
  1485 | D:3      | Noticed Sigmund
  1485 | D:3      | Noticed Robin
  1640 | D:3      | Found a runed translucent door.
  1641 | D:3      | Noticed Crazy Yiuf
  1689 | D:3      | Found a blossoming altar of Fedhas.
  1695 | D:3      | Found a sacrificial altar of Ru.
  2341 | D:2      | Reached XP level 4. HP: 18/30 MP: 4/4
  2461 | D:3      | Killed Sigmund
  2462 | D:3      | Reached skill level 7 in Stealth
  2462 | D:3      | Reached XP level 5. HP: 32/36 MP: 5/5
  2614 | D:3      | Killed Robin
  2615 | D:3      | Reached XP level 6. HP: 39/41 MP: 6/6
  2945 | D:3      | Noticed Terence
  2987 | D:3      | Killed Terence
  3556 | D:3      | Killed Crazy Yiuf
  3769 | D:4      | Reached skill level 8 in Stealth
  3879 | D:4      | Reached XP level 7. HP: 42/46 MP: 7/7
  4472 | D:5      | Entered Level 5 of the Dungeon
  4533 | D:5      | Found a staircase to the Ecumenical Temple.
  4557 | Temple   | Entered the Ecumenical Temple
  4570 | Temple   | Became a worshipper of Gozag Ym Sagoz the Greedy
  4651 | D:5      | Reached skill level 9 in Stealth
  4651 | D:5      | Reached skill level 1 in Evocations
  5117 | D:5      | Reached XP level 8. HP: 41/52 MP: 8/8
  5299 | D:5      | Found a shadowy altar of Dithmenos.
  5363 | D:6      | Reached skill level 10 in Stealth
  5995 | D:6      | Reached skill level 5 in Short Blades
  6777 | D:7      | Noticed a vampire
  6782 | D:7      | Killed a vampire
  6783 | D:7      | Reached skill level 5 in Evocations
  6992 | D:7      | Found a radiant altar of Vehumet.
  7085 | D:7      | Noticed a hornet
  7279 | D:7      | Noticed a two-headed ogre
  7327 | D:7      | Killed a two-headed ogre
  7328 | D:7      | Reached XP level 9. HP: 16/56 MP: 9/9
  7906 | D:7      | Mangled by an acid dragon

Illustrated notes

Levels and vault maps discovered:
D:1:      onia_arrival_handbag, layout_loops_corners, minmay_cupped
D:2:      layout_basic, grunt_decor_fettered, minmay_pentomino_pile
D:3:      layout_basic, mainiacjoe_overflow_catwalk_spiral, uniq_sigmund,
          uniq_robin, uniq_terence, uniq_crazy_yiuf_cottage
D:4:      layout_loops_ring, minmay_misc_feat_nine_boxes
D:5:      layout_rooms, nicolae_dithmenos_the_darkroom,
          minmay_temple_entry_glass, minivault_23
D:6:      layout_basic
D:7:      minmay_the_grid_triangle_9x9_recursive_2
          [minmay_the_grid_triangle_9x9_prize_schism,
          minmay_the_grid_triangle_9x9_stretched_checkered,
          minmay_the_grid_triangle_9x9_descending_squares,
          minmay_the_grid_triangle_9x9_longest], layout_rooms,
          nicolae_overflow_crystal_walls
Temple:   zaba_magenta_temple

Skill      XL: |  1  2  3  4  5  6  7  8  9 |
---------------+----------------------------+-----
Stealth        | 6 7 8 9 10 | 10.0
Short Blades   | 3 4 8 9 |  9.2
Dodging        | 2 3 |  3.0
Throwing       | 3 |  3.0
Fighting       | 3 |  3.0
Evocations     | 2 5 |  5.0

Action                   |  1- 3 |  4- 6 |  7- 9 || total
-------------------------+-------+-------+-------++-------
Melee: Dagger            |    56 |       |       ||    56
       Tentacles         |     6 |    15 |    29 ||    50
       Constrict         |    12 |    19 |    29 ||    60
       Whip              |    22 |    68 |   129 ||   219
Throw: Dart              |       |     2 |    12 ||    14
  Use: Potion            |     4 |       |       ||     4
       Scroll            |     3 |     1 |     5 ||     9
 Stab: Sleeping          |    19 |     7 |    10 ||    36
       Distracted        |       |       |     2 ||     2
Armor: Skin              |     3 |       |     3 ||     6
Dodge: Dodged            |    49 |    73 |   105 ||   227
